 Dungeon Crawl Stone Soup version 0.30-a0-118-ga018f8e90f (webtiles) character file.

Game seed: 15133506184282353331

1124 spaghetti the Trooper (level 8, -5/121 (130) HPs)
             Began as an Ogre Fire Elementalist on Sept 13, 2022.
             Slain by a wight
             ... wielding a +5 halberd of freezing
              (7 damage)
             ... on level 6 of the Dungeon.
             The game lasted 00:12:54 (5776 turns).

spaghetti the Trooper (Ogre Fire Elementalist)      Turns: 5776, Time: 00:12:55

HP:   -5/121 (130)  AC: 24    Str: 13    XL:     8   Next: 35%
MP:   18/18         EV:  1    Int: 18    God:
Gold: 315           SH:  0    Dex:  9    Spells: 7/20 levels left

rFire   + + .      SeeInvis .    P - +2 spear (vamp) {polearm}
rCold   x . .      Faith    .    (no shield)
rNeg    . . .      Spirit   .    (body armour currently unavailable)
rPois   +          Reflect  .    (helmet currently unavailable)
rElec   .          Harm     .    (cloak currently unavailable)
rCorr   .          Rampage  .    (gloves unavailable)
Will    .....      NoTele   +    (boots unavailable)
Stlth   +.........               p - amulet of magic regeneration {@e2}
HPRegen 0.30/turn                y - ring of protection from fire
MPRegen 0.56/turn                o - ring of fire

@: tree-form, drained
A: stationary, stasis, torment immunity, boosted hp, large, unfitting armour,
(tough skin 1)
a: no special abilities


You were on level 6 of the Dungeon.
You were a tree.
You visited 1 branch of the dungeon, and saw 6 of its levels.

You collected 363 gold pieces.
You spent 48 gold pieces at shops.


Innate Abilities, Weirdness & Mutations

You are a tree.
Your roots penetrate the ground, keeping you stationary.
You cannot be teleported.
You are immune to unholy pain and torment.
Your maximum health is greatly increased.
Your equipment is partially melded.
You are too large for most types of armour.
((You have tough skin. (AC +1)))


   Skills:
 + Level 7.3 Fighting
 - Level 1.7 Dodging
 - Level 1.4 Stealth
 - Level 1.0 Shields
 + Level 6.8 Spellcasting
 - Level 0.8 Conjurations
 + Level 5.1 Fire Magic


You had 7 spell levels left.
You knew the following spells:

 Your Spells              Type           Power      Damage    Failure   Level
a - Foxfire               Conj/Fire      100%       2x1d9     3%          1
b - Scorch                Fire           74%        2d9       1%          2
c - Inner Flame           Hex/Fire       23%        N/A       12%         3
d - Kindle Blastsparks    Fire/Tloc/Air  36%        2d13      16%         3
e - Flame Wave            Conj/Fire      25%        2d8       32%         4

Your spell library contained the following spells:

 Spells                   Type           Power      Damage    Failure   Level
 Cigotuvi's Dreadful Rot  Necr/Pois/Air  12%        N/A       17%         2
 Dispel Undead            Necr           6%         3d8       73%         4
 Death Channel            Necr           3%         N/A       100%        6

Inventory:

Hand Weapons
 P - a +2 vampiric spear (weapon) {polearm}
   (You took it off a gnoll on level 5 of the Dungeon)
Missiles
 f - 39 stones {throwing}
 n - 5 throwing nets {=f!fthrowing}
 B - 8 boomerangs {throwing}
 N - 2 boomerangs of dispersal {=f!fthrowing}
Armour
 a - a +0 robe (melded)
 h - a +0 cloak (melded)
   (You found it on level 1 of the Dungeon)
 q - a +0 tower shield
   (You found it on level 2 of the Dungeon)
Jewellery
 j - a ring of flight
   (You found it on level 6 of the Dungeon)
 o - a ring of fire (right branch)
   (You found it on level 4 of the Dungeon)
 p - an amulet of magic regeneration (around neck) {@e2}
   (You found it on level 2 of the Dungeon)
 y - a ring of protection from fire (left branch)
   (You found it on level 3 of the Dungeon)
Wands
 K - a wand of charming (6)
   (You found it on level 4 of the Dungeon)
Scrolls
 c - a scroll of identify {@r1}
 d - 2 scrolls of blinking {!r}
 g - 2 scrolls of fear
 i - a scroll of amnesia
 m - 5 scrolls of teleportation {@r4}
 r - a scroll of summoning {unknown}
 x - 2 scrolls of silence {!r}
 G - a scroll of butterflies
 H - a scroll of torment {!r}
 L - a scroll of brand weapon
Potions
 b - a potion of magic
 e - a potion of attraction {unknown}
 k - 2 potions of lignification {!q}
 l - 3 potions of heal wounds {unknown}
 s - a potion of brilliance {unknown}
 v - a potion of berserk rage {unknown}
 C - 3 potions of curing {unknown}
 F - a potion of mutation {unknown}
 I - a potion of haste {unknown}
 J - a potion of cancellation {unknown}
 O - a potion of flight {unknown}

Dungeon Overview and Level Annotations

Branches:
Dungeon (6/15) Zot: 26617
 Temple: D:4-7

Altars:

Shops:
D:1

? ### ..# ..#
######.#.. ..#
#..))..... ..#
####z###.###.
..## ##.♣F.#
...## ####..####
##..### ##....##
###...####..####
.####......##
..###..######
....#.......#
.......#........
##..#.##########


You could see a bullfrog (combustible) and a wight.


Message History

You now have 85 max hp (-2).
You take 7 damage, and now have 80/85 hp.
You lost 1 mp, and now have 7/17 mp.
Casting: Scorch (safe; 2% risk of failure)
Confirm with . or Enter, or press ? or * to list all spells.
You feel a surge of power!
Flames lash the wight.
The wight is burned terribly!
The wight barely misses you.
Casting: Scorch (safe; 2% risk of failure)
Confirm with . or Enter, or press ? or * to list all spells.
You feel a surge of power!
Flames lash the wight.
The wight is burned terribly!
You destroy the wight!
Your life force feels restored.
Your Fire Magic skill increases to level 5! 😕 HP[+1] MP[-3]
You now have 87 max hp (+2).
You lost 3 mp, and now have 4/17 mp.
Casting: Scorch (safe; 2% risk of failure)
Confirm with . or Enter, or press ? or * to list all spells.
You feel a surge of power!
Flames lash the wight.
The wight's fire resistance burns away.
A bullfrog comes into view.
The wight closely misses you. 😕 MP[-1]
You lost 1 mp, and now have 3/17 mp.
Casting: Scorch (safe; 2% risk of failure)
Confirm with . or Enter, or press ? or * to list all spells.
You feel a surge of power!
Flames lash the wight.
The wight is burned terribly!
You destroy the wight! 😕 MP[-2]
You lost 2 mp, and now have 1/18 mp.
Casting: Scorch (safe; 1% risk of failure)
Confirm with . or Enter, or press ? or * to list all spells.
You don't have enough magic to cast this spell.
Casting: Scorch (safe; 1% risk of failure)
Confirm with . or Enter, or press ? or * to list all spells.
You feel a surge of power!
You conjure some foxfire!
The wight hits you with a +5 dagger. 😕 HP[-6]
You take 6 damage, and now have 75/87 hp.
Unknown command.
The foxfire hits the wight! 😕 HP[+1] Unknown command.
Unknown command. 😕 MP[+1]
The wight attacks as you move away! The wight hits you with a +5 dagger!
You feel drained. 😕 HP[-11]
You now have 85 max hp (-2).
You take 11 damage, and now have 65/85 hp.
Unknown command.
Casting: Foxfire (safe; 3% risk of failure)
Confirm with . or Enter, or press ? or * to list all spells.
You feel a surge of power!
Flames lash the wight.
You destroy the wight!
Your life force feels restored. 😮 MP[-1]
You now have 87 max hp (+2).
You lost 1 mp, and now have 1/18 mp.
You closely miss the bullfrog.
The bullfrog hits you but does no damage. 😕 HP[+1] MP[+1]
Casting: Scorch (safe; 1% risk of failure)
Confirm with . or Enter, or press ? or * to list all spells.
You feel a surge of power!
Flames lash the bullfrog.
The bullfrog's fire resistance burns away.
The bullfrog hits you but does no damage.
The wight hits you from afar with a +5 halberd of freezing!
You feel drained. The wight freezes you!
* * * LOW HITPOINT WARNING * * *
The bullfrog hits you!
* * * LOW HITPOINT WARNING * * *
😨 HP[-33] MP[-2]
You now have 84 max hp (-3).
You take 33 damage, and now have 33/84 hp.
MASSIVE DAMAGE!! (PAUSE)
You lost 2 mp, and now have 0/18 mp.
You hit the bullfrog.
You feel better.
The wight hits you from afar with a +5 halberd of freezing!
* * * LOW HITPOINT WARNING * * *
You feel drained.
* * * LOW HITPOINT WARNING * * *
The wight freezes you.
* * * LOW HITPOINT WARNING * * *
The bullfrog misses you. 😱 HP[-20] MP[+1]
You now have 81 max hp (-3).
You take 20 damage, and now have 13/81 hp.
MASSIVE DAMAGE!! (PAUSE) Magic courses through your body.
The bullfrog hits you.
* * * LOW HITPOINT WARNING * * *
The wight completely misses you. The bullfrog hits you.
* * * LOW HITPOINT WARNING * * *
😱 HP[-12] MP[+17]
You take 12 damage, and now have 1/81 hp.
Your mp is fully restored (18).
It was a potion of lignification.
You turn into a tree.
Your +0 cloak melds into your body.
Your +0 robe melds into your body.
Your roots penetrate the ground.
The wight hits you from afar with a +5 halberd of freezing!
You die...

Skill      XL: |  1  2  3  4  5  6  7  8 |
---------------+-------------------------+-----
Fighting       | 1 2 3 4 5 6 7 |  7.3
Spellcasting   | 3 4 5 6 |  6.8
Shields        | 1 |  1.0
Fire Magic     | 3 4 5 |  5.1
Dodging        | |  1.7
Stealth        | |  1.4
Conjurations   | |  0.8

Action                   |  1- 3 |  4- 6 |  7- 9 || total
-------------------------+-------+-------+-------++-------
Melee: Unarmed           |     9 |     9 |       ||    18
       Spear             |       |       |     7 ||     7
 Cast: Foxfire           |    67 |    17 |    19 ||   103
       Scorch            |    15 |    80 |    27 ||   122
       Kindle Blastspark |       |     4 |     7 ||    11
  Use: Scroll            |     4 |     2 |     2 ||     8
       Potion            |       |       |     2 ||     2
Armor: Robe              |     9 |    20 |     6 ||    35
Dodge: Dodged            |     9 |    31 |     9 ||    49

Levels and vault maps discovered:
D:1:      pf_arrival_petrified_forest, layout_loops_ring, serial_shops,
          nicolae_lakefront_shop, shapermc_ecumenical_altar_acropolis,
          st_stairs_9, bh_walls_and_bars
D:2:      layout_loops_ring
D:3:      layout_loops_ring, kennysheep_generic_room_12
D:4:      layout_loops_cross, serial_forest, infiniplex_forest_straight_3,
          infiniplex_forest_lined_room_2, infiniplex_forest_zigzag_1,
          infiniplex_forest_lined_corner, infiniplex_forest_lined_room_3,
          infiniplex_forest_end_double, infiniplex_forest_zigzag_1,
          infiniplex_forest_split, dreamdust_mushroom_princess, minivault_25
D:5:      layout_basic, serial_aquarium, aquarium_bridge_square
          [aquarium_subvault_bridge, aquarium_subvault_wall,
          aquarium_subvault_bridge, aquarium_subvault_bridge],
          aquarium_bridge_square [aquarium_subvault_wall,
          aquarium_subvault_bridge, aquarium_subvault_wall,
          aquarium_subvault_wall], aquarium_window_2, aquarium_window_1,
          aquarium_view_2c, aquarium_view_2e, aquarium_balcony_3b,
          nicolae_figureground_pulse
D:6:      layout_rooms, minmay_misc_feat_columns, grunt_decor_resistance

Notes
Turn   | Place    | Note
-------+----------+-------------------------------------------
     0 | D:1      | spaghetti the Ogre Fire Elementalist began the quest for
                  | the Orb.
     0 | D:1      | Reached XP level 1. HP: 16/16 MP: 3/3
     0 | D:1      | magus.rc [v1.9.6]
   291 | D:1      | Reached skill level 1 in Fighting
   293 | D:1      | Reached XP level 2. HP: 26/27 MP: 2/5
   434 | D:1      | Reached skill level 3 in Spellcasting
   712 | D:1      | Reached skill level 2 in Fighting
   947 | D:1      | Found a faded altar of an unknown god.
   956 | D:1      | Reached XP level 3. HP: 35/35 MP: 2/7
   959 | D:1      | Learned a level 2 spell: Scorch
  1136 | D:1      | Found Feomamua's Magic Scroll Shoppe.
  1185 | D:1      | Bought a scroll of identify for 24 gold pieces
  1185 | D:1      | Bought a scroll of identify for 24 gold pieces
  1406 | D:1      | magus.rc [v1.9.6]
  1743 | D:2      | Learned a level 3 spell: Inner Flame
  1896 | D:2      | Reached skill level 3 in Fighting
  2063 | D:2      | Reached XP level 4. HP: 45/45 MP: 6/9
  2631 | D:3      | Reached skill level 4 in Spellcasting
  2682 | D:3      | You pick up a book of Flames and begin reading...
  2725 | D:3      | Learned a level 3 spell: Kindle Blastsparks
  3436 | D:4      | Reached skill level 1 in Shields
  3578 | D:4      | Reached XP level 5. HP: 54/54 MP: 7/11
  3712 | D:4      | Reached skill level 4 in Fighting
  3712 | D:4      | Reached skill level 3 in Fire Magic
  3790 | D:4      | Reached XP level 6. HP: 61/63 MP: 1/13
  4061 | D:4      | Learned a level 4 spell: Flame Wave
  4217 | D:4      | Reached skill level 5 in Fighting
  4217 | D:4      | Reached skill level 5 in Spellcasting
  4454 | D:5      | Entered Level 5 of the Dungeon
  4793 | D:5      | Noticed an ice beast
  4801 | D:5      | Killed an ice beast
  4802 | D:5      | Reached skill level 4 in Fire Magic
  4802 | D:5      | Reached XP level 7. HP: 74/74 MP: 8/15
  4979 | D:5      | Reached skill level 6 in Fighting
  5420 | D:6      | Reached skill level 6 in Spellcasting
  5442 | D:6      | You pick up a book of Decay and begin reading...
  5442 | D:6      | You add the spells Cigotuvi's Dreadful Rot, Dispel Undead
                  | and Death Channel to your library.
  5492 | D:6      | Reached XP level 8. HP: 50/84 MP: 13/17
  5757 | D:6      | Reached skill level 7 in Fighting
  5765 | D:6      | Reached skill level 5 in Fire Magic
  5774 | D:6      | HP: 20/84 [wight/+5 halberd of freezing (14)]
  5775 | D:6      | HP: 7/81 [bullfrog (6)]
  5775 | D:6      | HP: 1/81 [bullfrog (6)]
  5776 | D:6      | Slain by a wight

Vanquished Creatures
  An ice beast (D:5)
  3 scorpions
  3 necrophages
  4 wights (D:6)
  A howler monkey (D:6)
  An orc priest (D:6)
  3 hounds
  4 orc wizards
  3 gnolls (D:5)
  7 adders
  A white imp (D:5)
  2 worms
  4 dart slugs
  11 orcs
  11 ball pythons
  8 bats
  6 endoplasms
  6 giant cockroaches
  4 goblins
  7 hobgoblins
  3 jackals (D:4)
  3 kobolds
  7 quokkas
  2 frilled lizards
  13 rats
118 creatures vanquished.

Vanquished Creatures (collateral kills)
  4 foxfires (D:1)
4 creatures vanquished.

Vanquished Creatures (others)
  159 foxfires
  13 fungi
  3 plants (D:4)
175 creatures vanquished.

Grand Total: 297 creatures vanquished

Table legend:
 A = Non-vault XP
 B = Vault XP
 C = Vault XP percentage of total XP
 D = Non-vault monster count
 E = Vault monster count
 F = Vault count percentage of total count
                 A         B        C        D         E       F
            +---------+---------+-------+---------+---------+-------
      Total |    1588 |      19 |   1.2 |     114 |       4 |   3.4
            +---------+---------+-------+---------+---------+-------
        D:1 |      41 |       3 |   6.8 |      24 |       2 |   7.7
        D:2 |      66 |       0 |   0.0 |      24 |       0 |   0.0
        D:3 |      30 |      16 |  34.8 |      17 |       2 |  10.5
        D:4 |     316 |       0 |   0.0 |      22 |       0 |   0.0
        D:5 |     396 |       0 |   0.0 |      13 |       0 |   0.0
        D:6 |     739 |       0 |   0.0 |      14 |       0 |   0.0
            +---------+---------+-------+---------+---------+-------

Illustrated notes

Table legend:
 A = Kills in this place as a percentage of kills in entire the game.
 B = Kills by you in this place as a percentage of kills by you in the entire game.
 C = Kills by friends in this place as a percentage of kills by friends in the entire game.
 D = Other kills in this place as a percentage of other kills in the entire game.
 E = Experience gained in this place as a percentage of experience gained in the entire game.
 F = Experience gained in this place divided by the number of levels of this place that you have seen.
                   A       B       C       D       E      F
               +-------+-------+-------+-------+-------+----------------------
         Total | 100.0 | 100.0 |   N/A |   N/A | 100.0 | 267.8
       Dungeon | 100.0 | 100.0 |   N/A |   N/A | 100.0 | 267.8
               +-------+-------+-------+-------+-------+----------------------

Table legend: (Time is in decaauts)
 A = Elapsed time spent in this place.
 B = Non-inter-level travel time spent in this place.
 C = Inter-level travel time spent in this place.
 D = Time resting spent in this place.
 E = Time spent auto-exploring this place.
 F = Levels seen in this place.
 G = Mean time per level.
                   A        B        C        D        E       F      G
               +--------+--------+--------+--------+--------+-----+--------+
         Total |   5773 |   5664 |    109 |      0 |   5006 |   6 |  962.2 |
       Dungeon |   5773 |   5664 |    109 |      0 |   5006 |   6 |  962.2 |
               +--------+--------+--------+--------+--------+-----+--------+

Top non-repeatable levels by time:
     D:1: 1554 daAuts
     D:2: 1070 daAuts
     D:4: 1040 daAuts
     D:5: 940 daAuts
     D:3: 786 daAuts
     D:6: 381 daAuts
